 Dungeon Crawl Stone Soup version 0.18-a0-1130-g4a6f1b9 (webtiles) character file.

219 ErgoProxy the Grave Robber (level 5, -2/36 HPs)
             Began as a Demonspawn Necromancer on Jan 20, 2016.
             Killed by nerve-wracking pain
             ... invoked by a shadow imp
              (13 damage)
             ... on level 5 of the Dungeon.
             The game lasted 00:11:03 (2836 turns).

ErgoProxy the Grave Robber (Demonspawn Necromancer) Turns: 2836, Time: 00:11:03

Health: -2/36      AC:  5    Str:  8    XL:     5   Next: 64%
Magic:  8/8        EV: 11    Int: 17    God:
Gold:   123        SH:  0    Dex: 14    Spells: 3 memorised, 0 levels left

rFire  + . .     SeeInvis +       - Unarmed
rCold  + . .     Gourm    .     j - +2 leather armour {rF+}
rNeg   . . .     Faith    .     (no shield)
rPois  .         Spirit   .     (no helmet)
rElec  .         Dismiss  .     (no cloak)
rCorr  .         Reflect  .     (gloves unavailable)
SustAt .         Harm     .     (no boots)
MR     .....                    (no amulet)
Stlth  ++........               g - ring of protection from cold
                                r - ring of see invisible

@: not resistant to hostile enchantments, unstealthy
A: claws 3, talons 1
a: no special abilities


You were on level 5 of the Dungeon.
You were not hungry.

You visited 1 branch of the dungeon, and saw 5 of its levels.

You collected 123 gold pieces.

Inventory:

Armour
 j - a +2 leather armour of fire resistance (worn)
Jewellery
 e - an uncursed ring of resist corrosion
 g - a ring of protection from cold (right claw)
 r - a ring of see invisible (left claw)
Wands
 n - a wand of draining (2/15)
 s - a wand of teleportation (5/9)
Scrolls
 h - 2 scrolls of fear {unknown}
 i - a scroll of enchant armour {unknown}
 k - 2 scrolls of remove curse {unknown}
 m - 2 scrolls of teleportation
 o - a scroll of magic mapping {unknown}
 p - a scroll of enchant weapon {unknown}
 u - a scroll of amnesia {unknown}
Potions
 a - 2 potions of haste
 q - a potion of agility
 w - a potion of poison {unknown}
 x - a potion of lignification {unknown}
Books
 b - a book of Necromancy

   Spells                             Type                      Level
   a - Pain                           Necromancy                   1
   b - Animate Skeleton               Necromancy                   1
   c - Vampiric Draining              Necromancy                   3
   d - Regeneration                   Charms/Necromancy            3
   e - Animate Dead                   Necromancy                   4
   f - Control Undead                 Necromancy                   4
Comestibles
 c - 2 bread rations
 d - 2 slices of pizza
 f - a beef jerky
 l - a royal jelly
 t - a meat ration
 z - 2 chunks of flesh


   Skills:
 - Level 0.4 Fighting
 - Level 0.6 Armour
 - Level 1.7 Dodging
 - Level 1.7 Stealth
 * Level 3.0 Unarmed Combat
 + Level 2.2 Spellcasting
 - Level 6.1 Necromancy


You couldn't memorise any spells.
You knew the following spells:

 Your Spells              Type           Power        Failure   Level  Hunger
a - Pain                  Necr           ###.         1%          1    #......
b - Regeneration          Chrm/Necr      ##........   24%         3    ###....
c - Animate Dead          Necr           N/A          24%         4    #####..


Dungeon Overview and Level Annotations

Branches:
Dungeon (5/15)
 Temple: D:4-7

Altars:
Zin
The Shining One


Innate Abilities, Weirdness & Mutations

You have claws for hands.
You have sharp toenails.


Message History

The shadow imp hits you but does no damage.
You claw the shadow imp!
You kill the shadow imp!
Your Unarmed Combat skill increases to level 3!
You scratch the shadow imp but do no damage.
Your kick misses the shadow imp. The shadow imp completely misses you.
You scratch the shadow imp. Your kick misses the shadow imp.
The shadow imp is lightly wounded.
The shadow imp hits you but does no damage.
You scratch the shadow imp.
You claw the shadow imp, but do no damage.
The shadow imp is severely wounded.
The shadow imp hits you.
Some of the chunks of flesh in your inventory have rotted away.
You scratch the shadow imp but do no damage.
You claw the shadow imp, but do no damage.
The shadow imp is severely wounded.
The shadow imp gestures at you. Pain shoots through your body!
You die...

##... .# ..... .#
...####.####
#.........
####.......# # #
##....>[....#.##
.##.#...#...<.......
........#..........#
#...5@........##.#
########.######
#...# #...# #...#
#...# #...# #...#


You could see a shadow imp.

Vanquished Creatures
  A scorpion (D:4)
  A hound (D:4)
  Ijyb (D:2)
  4 adders
  A shadow imp (D:5)
  2 oozes (D:2)
  3 worms
  5 giant geckos
  4 orcs
  3 ball pythons
  A giant cockroach (D:1)
  2 goblins (D:1)
  9 hobgoblins
  A bat (D:2)
  4 giant newts
  6 kobolds
  5 rats
53 creatures vanquished.

Notes
Turn   | Place    | Note
--------------------------------------------------------------
     0 | D:1      | ErgoProxy the Demonspawn Necromancer began the quest for the Orb.
     0 | D:1      | Reached XP level 1. HP: 13/13 MP: 3/3
   285 | D:1      | Gained mutation: You have sharp fingernails. [demonic ancestry]
   285 | D:1      | Reached XP level 2. HP: 14/19 MP: 1/5
   293 | D:1      | Reached skill level 5 in Necromancy
  1172 | D:2      | Noticed Ijyb
  1182 | D:2      | Killed Ijyb
  1182 | D:2      | Gained mutation: You have sharp toenails. [demonic ancestry]
  1182 | D:2      | Reached XP level 3. HP: 18/25 MP: 0/6
  1365 | D:2      | Reached skill level 1 in Unarmed Combat
  1520 | D:2      | Gained mutation: You have very sharp fingernails. [demonic ancestry]
  1520 | D:2      | Reached XP level 4. HP: 24/31 MP: 4/7
  1532 | D:2      | Learned a level 3 spell: Regeneration
  1928 | D:3      | Found a glowing silver altar of Zin.
  2253 | D:4      | Reached skill level 6 in Necromancy
  2253 | D:4      | Gained mutation: You have claws for hands. [demonic ancestry]
  2253 | D:4      | Reached XP level 5. HP: 29/36 MP: 0/8
  2325 | D:4      | Learned a level 4 spell: Animate Dead
  2574 | D:4      | Found a glowing golden altar of the Shining One.
  2819 | D:5      | Entered Level 5 of the Dungeon
  2836 | D:5      | Killed from afar by a shadow imp

Vault maps used:
D:1:      onia_arrival_mini_spirals, roderic_greek_sauvastika,
          minmay_misc_feat_alley, hangedman_glass_teeth, minmay_circled_x
D:2:      minivault_23, uniq_iyjb
D:3:      marbit_many_paths, bh_walls_and_bars
D:4:      lemuel_crystal_altar, first_bread, minivault_25, grunt_ministairs_11
D:5:      enter_ossuary_5

Action                   |  1- 3 |  4- 6 || total
-------------------------+-------+-------++-------
Melee: Unarmed           |    30 |    18 ||    48
 Cast: Pain              |    45 |    53 ||    98
  Use: Scroll            |       |     3 ||     3
  Eat: Chunk             |     2 |     5 ||     7
